 Dungeon Crawl Stone Soup version 0.27.1-34-g3ba077fa99 (webtiles) character file.

Game seed: 15684415580170897543

1312 LLlMATKO the Skirmisher (level 8, -3/71 HPs)
             Began as a Minotaur Berserker on Jan 26, 2022.
             Was a High Priest of Trog.
             Killed from afar by a gargoyle (19 damage)
             ... with a stone arrow
             ... on level 6 of the Dungeon.
             The game lasted 00:05:25 (5277 turns).

LLlMATKO the Skirmisher (Minotaur Berserker)        Turns: 5277, Time: 00:05:26

Health: -3/71      AC: 19    Str: 22    XL:     8   Next: 32%
Magic:  7/7        EV:  6    Int:  4    God:    Trog [*****.]
Gold:   261        SH: 10    Dex: 12    Spells: 7/7 levels left

rFire    . . .     SeeInvis .   a - +0 hand axe (spect)
rCold    . . .     Faith    .   h - +0 kite shield
rNeg     . . .     Spirit   .   r - +0 plate armour
rPois    .         Reflect  .   (helmet restricted)
rElec    .         Harm     .   (no cloak)
rCorr    .         Rampage  .   d - +0 pair of gloves
Will     .....                  s - +0 pair of boots
Stlth    ..........             (no amulet)
HPRegen  0.21/turn              k - +4 ring of protection
MPRegen  0.10/turn              l - ring of flight

@: lethally poisoned (-3 -> -14), on berserk cooldown, flying, slowed, very slow
A: horns 2, retaliatory headbutt
a: Renounce Religion, Berserk, Trog's Hand, Brothers in Arms


You were on level 6 of the Dungeon.
You worshipped Trog.
Trog was extremely pleased with you.
You visited 1 branch of the dungeon, and saw 7 of its levels.
You also visited: Ossuary.

You collected 261 gold pieces.

Inventory:

Hand Weapons
 a - a +0 spectral hand axe (weapon)
Missiles
 c - 252 stones (quivered)
 i - 44 bolts
 o - 35 poisoned darts
Armour
 d - a +0 pair of gloves (worn)
 h - a +0 kite shield (worn)
 r - a +0 plate armour (worn)
 s - a +0 pair of boots (worn)
Jewellery
 k - a +4 ring of protection (left hand)
 l - a ring of flight (right hand)
Wands
 f - a wand of polymorph (3)
 n - a wand of flame (11)
Scrolls
 g - 4 scrolls of identify
 w - a scroll of immolation {unknown}
 x - a scroll of enchant armour {unknown}
Potions
 b - a potion of invisibility {unknown}
 j - a potion of heal wounds {unknown}
 m - 2 potions of haste
 p - 2 potions of berserk rage
 q - a potion of ambrosia {unknown}
 t - 3 potions of curing {unknown}
 u - a potion of magic {unknown}
 v - a potion of attraction {unknown}


   Skills:
 + Level 6.6 Fighting
 + Level 6.5 Axes
 + Level 5.9 Armour
 + Level 5.4 Dodging
 + Level 4.8 Shields


You had 7 spell levels left.
You didn't know any spells.
Your spell library was empty.

Dungeon Overview and Level Annotations

Branches:
Dungeon (7/15)             Temple (0/1) D:4         Ossuary (visited)

Altars:
The Shining One


Innate Abilities, Weirdness & Mutations

You have a pair of horns on your head.
You reflexively headbutt those who attack you in melee.


Message History

You feel very sick. Something hits you but does no damage.
You are more poisoned.
The orc warrior barely misses you. Something hits you but does no damage.
You are more poisoned.
The gargoyle hits you but does no damage.
You completely miss something. Your headbutt misses something.
You hit the orc warrior. You hit the gargoyle but do no damage.
Your +0 spectral hand axe hits the orc warrior but does no damage.
Your +0 spectral hand axe hits the gargoyle but does no damage.
You feel extremely sick.
The orc warrior hits your +0 spectral hand axe with a +0 scimitar.
Your spectral weapon shares its damage with you!
Something hits you but does no damage.
The gargoyle hits you but does no damage.
The orc warrior barely misses your +0 spectral hand axe.
You hit the orc warrior but do no damage.
The orc warrior is almost dead.
You miss something. You hit the gargoyle but do no damage.
You feel less confused.
You feel very sick. You block something's attack.
The gargoyle hits you but does no damage.
The orc warrior hits you but does no damage.
You hear some strange, mumbled words.
Something tries to affect you, but you resist.
The gargoyle hits you with a +0 flail! You block the orc warrior's attack.
This is a scroll of acquirement!
Something appears at your feet!
You feel sick.
You hear some strange, mumbled words.
A puff of flame appears from out of thin air!
The puff of flame hits you but does no damage.
The gargoyle hits you with a +0 flail.
* * * LOW HITPOINT WARNING * * *
The orc warrior hits you but does no damage.
Something hits you but does no damage.
You are more poisoned.
The gargoyle hurls a stone arrow at you.
The stone arrow hits you!!
You die...

,,,,*******,*,,,,,,,,,*#..##....#
,,*******##,*,****,,,,**#.<#....#
,,* *,,,,...,,* ****** ##......#
*****,***##.####* ##.....#
*,,,,,*,,.......* #.....#
*,,,,,,,,.......* #.#####
*,,,,**,,.......##### #..<...
*******,,.....)9§..)## ###....
*,,......o@).))########....
*,,(.....{####)....(.......
***#######* #.............
##########.... #...# #...# #####


You could see an orc warrior and a gargoyle.

Vanquished Creatures
  Grinder (D:3)
  An ogre (D:5)
  2 phantoms
  A kobold brigand (D:6)
  A scorpion (D:5)
  5 wights (D:7)
  A bullfrog zombie (D:3)
  A hound (D:4)
  2 jellies (D:5)
  A centaur skeleton (D:5)
  An orc priest (D:6)
  Ijyb (D:3)
  An iguana (D:5)
  A mummy (Ossuary)
  A hound skeleton (D:5)
  Robin (D:2)
  8 adders
  A white imp (D:6)
  2 ufetubi
  3 worms
  3 dart slugs
  15 orcs
  5 spectral bats (Ossuary)
  7 ball pythons
  2 bat simulacra (Ossuary)
  3 endoplasms
  6 giant cockroaches
  12 gnoll zombies (Ossuary)
  10 hobgoblins
  3 jackals (D:1)
  14 kobolds
  5 quokkas
  5 bats
  2 frilled lizards (D:1)
  11 goblins
  4 goblin simulacra (Ossuary)
  3 goblin zombies (Ossuary)
  4 hobgoblin zombies (Ossuary)
  2 kobold simulacra (Ossuary)
  3 kobold zombies (Ossuary)
  8 orc zombies (Ossuary)
  3 rats
  3 rat simulacra (Ossuary)
  3 spectral goblins (Ossuary)
  5 spectral kobolds (Ossuary)
  A spectral rat (Ossuary)
178 creatures vanquished.

Notes
Turn   | Place    | Note
-------+----------+-------------------------------------------
     0 | D:1      | LLlMATKO the Minotaur Berserker began the quest for the
                  | Orb.
     0 | D:1      | Reached XP level 1. HP: 19/19 MP: 0/0
   131 | D:1      | Reached XP level 2. HP: 25/27 MP: 1/1
   443 | D:1      | Reached ** piety under Trog
   566 | D:1      | Reached XP level 3. HP: 31/33 MP: 2/2
   587 | D:1      | Found a faded altar of an unknown god.
   802 | D:2      | Noticed Robin
   806 | D:2      | Killed Robin
  1044 | D:2      | Reached skill level 1 in Shields
  1134 | D:2      | Reached XP level 4. HP: 40/40 MP: 3/3
  1732 | D:3      | Noticed Grinder
  1846 | D:3      | Killed Grinder
  1847 | D:3      | Reached skill level 5 in Fighting
  1847 | D:3      | Reached skill level 5 in Axes
  1847 | D:3      | Reached XP level 5. HP: 48/48 MP: 4/4
  1847 | D:3      | Reached XP level 6. HP: 56/56 MP: 5/5
  1932 | D:3      | Reached *** piety under Trog
  2126 | D:3      | Noticed Ijyb
  2147 | D:3      | Killed Ijyb
  2957 | D:4      | Found a staircase to the Ecumenical Temple.
  3361 | D:4      | Reached XP level 7. HP: 61/61 MP: 6/6
  3430 | D:5      | Entered Level 5 of the Dungeon
  3561 | D:5      | Found a glowing golden altar of the Shining One.
  3877 | D:5      | Reached skill level 5 in Armour
  4509 | D:6      | Found a sand-covered staircase.
  4513 | D:6      | Reached **** piety under Trog
  4519 | Ossuary  | Entered an ossuary
  4832 | Ossuary  | Reached skill level 5 in Dodging
  4957 | Ossuary  | Reached ***** piety under Trog
  4958 | Ossuary  | Reached XP level 8. HP: 70/70 MP: 7/7
  5269 | D:6      | Noticed a gargoyle
  5277 | D:6      | Identified a scroll of acquirement
  5277 | D:6      | Acquired the +3 pair of seven-league boots {Rampage+∞}
  5277 | D:6      | Found the +3 pair of seven-league boots {Rampage+∞}
  5277 | D:6      | Killed from afar by a gargoyle

Illustrated notes

Levels and vault maps discovered:
D:1:      minmay_arrival_plants_in_alcoves, layout_basic,
          hellmonk_ecumenical_altar_lost_god, minmay_misc_feat_alley,
          minivault_5
D:2:      layout_basic, uniq_robin
D:3:      layout_rooms, uniq_grinder, uniq_ijyb
D:4:      layout_loops_corners, minmay_temple_entry_stoned_glass,
          hangedman_decor_push
D:5:      layout_basic, tso_altar, minmay_checkerbox
D:6:      layout_rooms, nicolae_ossuary_entry_monument
D:7:      layout_rooms, serial_shops, nicolae_take_the_stairs,
          grunt_ministairs_7, chequers_serial_rivers_small_a, uniq_duvessa

Skill      XL: |  1  2  3  4  5  6  7 |
---------------+----------------------+-----
Fighting       | 4 5 6 |  6.6
Axes           | 4 5 6 |  6.5
Armour         | 3 4 5 |  5.9
Dodging        | 3 4 5 |  5.4
Shields        | 1 2 3 4 |  4.8

Action                   |  1- 3 |  4- 6 |  7- 9 || total
-------------------------+-------+-------+-------++-------
Melee: Hand axe          |    63 |   131 |   157 ||   351
       Headbutt          |    15 |    30 |    34 ||    79
Invok: Berserk           |     2 |     3 |     4 ||     9
  Use: Scroll            |       |       |     5 ||     5
 Stab: Sleeping          |     2 |       |       ||     2
Armor: Animal skin       |    16 |     4 |       ||    20
       Scale mail        |       |    36 |       ||    36
       Plate armour      |       |     2 |   103 ||   105
Dodge: Dodged            |    36 |    39 |    28 ||   103
Block: Kite shield       |    13 |    51 |    60 ||   124
